 Dungeon Crawl Stone Soup version 0.18.1-6-gd335043 (webtiles) character file.

497 Gorice the Slasher (level 7, -1/52 HPs)
             Began as a Human Fighter on May 19, 2016.
             Shot with an arrow by a centaur (13 damage)
             ... on level 5 of the Dungeon.
             The game lasted 00:17:45 (4503 turns).

Gorice the Slasher (Human Fighter)                  Turns: 4503, Time: 00:17:46

Health: -1/52      AC:  9    Str: 18    XL:     7   Next: 38%
Magic:  7/7        EV:  4    Int:  8    God:
Gold:   241        SH:  9    Dex: 13    Spells: 0 memorised, 6 levels left

rFire  . . .     SeeInvis .     a - +1 long sword
rCold  . . .     Gourm    .     y - +0 chain mail
rNeg   . . .     Faith    .     c - +0 shield
rPois  .         Spirit   .     (no helmet)
rElec  .         Dismiss  .     (no cloak)
rCorr  .         Reflect  .     (no gloves)
SustAt .         Harm     .     (no boots)
MR     +....                    (no amulet)
Stlth  ..........               (no ring)
                                w - ring of protection from magic

@: very slightly contaminated, invisible, somewhat resistant to hostile
enchantments, extremely unstealthy
A: no striking features
a: no special abilities


You were on level 5 of the Dungeon.
You were not hungry.

You visited 1 branch of the dungeon, and saw 5 of its levels.

You collected 241 gold pieces.

Inventory:

Hand Weapons
 a - a +1 long sword (weapon)
 f - a +1 short sword of flaming
   (You took it off a kobold on level 3 of the Dungeon)
 v - a +0 hunting sling
 E - a +0 great sword
Missiles
 n - 20 poisoned needles
 A - 19 sling bullets
 Z - 48 stones (quivered)
Armour
 b - a +0 scale mail
 c - a +0 shield (worn)
 y - a +0 chain mail (worn)
 G - the +0 pair of boots "Cucs" {*Corrode MP-9 Str+3 Dex+8}
   (You found it on level 4 of the Dungeon)

   It affects your strength (+3).
   It affects your dexterity (+8).
   It affects your magic capacity (-9).
   It may corrode you when you take damage.
Jewellery
 w - a ring of protection from magic (left hand)
Scrolls
 e - a scroll of random uselessness {unknown}
 g - a scroll of immolation {unknown}
 j - a scroll of remove curse
 l - 2 scrolls of enchant armour {unknown}
 m - a scroll of teleportation {unknown}
 p - a scroll of fear {unknown}
 r - a scroll of magic mapping {unknown}
 t - 2 scrolls of enchant weapon
 D - a scroll of fog {unknown}
 F - a scroll of blinking {unknown}
Potions
 d - a potion of might {!q}
 i - a potion of berserk rage
 k - a potion of flight {unknown}
 o - a potion of heal wounds {unknown}
 q - 2 potions of ambrosia
 u - 2 potions of lignification {!q}
 x - a potion of mutation {unknown}
 z - a potion of agility {unknown}
 B - a potion of brilliance {unknown}
 H - a potion of haste {unknown}
 I - 2 potions of curing {unknown}
Comestibles
 s - 4 meat rations {!e}
 C - 3 bread rations {!e}
 J - 5 chunks of flesh


   Skills:
 - Level 3.0 Fighting
 * Level 7.6 Long Blades
 - Level 3.0 Armour
 - Level 3.0 Shields


You had 6 spell levels left.
You didn't know any spells.

Dungeon Overview and Level Annotations

Branches:
Dungeon (5/15)             Temple (0/1) D:5

Altars:
Ashenzari
Dithmenos
Fedhas
Makhleb
Nemelex Xobeh
Okawaru
Yredelemnul

Annotations:
D:2 vpUX: Yiuf's house, 1 exclusion


Message History

You feel sick. The worker ant bites you. You block the worker ant's attack.
Damage: 5 (max 5)
Your shield prevents you from hitting the worker ant.
The worker ant is lightly wounded.
The worker ant bites you.
Damage: 4 (max 5)
Your shield and chain mail prevent you from hitting the worker ant.
The worker ant is lightly wounded.
You feel sick. The worker ant bites you.
* * * LOW HITPOINT WARNING * * *
Damage: 6 (max 6)
You slash the worker ant!
The worker ant is heavily wounded.
You block the worker ant's attack.
You slash the worker ant!
You kill the worker ant!
You feel sick.
Damage: 1 (max 1)
Z - 46 stones (gained 1)
You feel sick.
Z - 47 stones (gained 1) Damage: 1 (max 1)
Found a staircase to the Ecumenical Temple.
Z - 48 stones (gained 1)
You feel sick.
Damage: 1 (max 1)
A centaur comes into view.
The centaur shouts!
The centaur wields a shortbow.
The centaur shoots an arrow.
You block the arrow.
Found 8 gold pieces.
Things that are here:
an arrow; a stone You feel sick.
The centaur shoots an arrow.
You block the arrow.
The centaur shoots an arrow.
The arrow hits you!
* * * LOW HITPOINT WARNING * * *
You see here 2 arrows.
Damage: 8 (max 8)
You feel sick.
You are no longer poisoned.
The centaur shoots an arrow.
The arrow hits you but does no damage.
You see here an arrow.
Damage: 1 (max 8) Drink which item? (? for menu, Esc to quit)
Really quaff
h - a potion of invisibility {!q}?
You fade into invisibility!
You are very lightly contaminated with residual magic.
The centaur shoots an arrow.
The arrow hits you!
You die...

#..### .......
#....########....#
#....(.(...c(...#
####c########.#.#
#.# ... #.# #....
#.# ..#8#
#.######.# ..# #
#.@.....# ..
######### ..#


You could see a centaur.

Vanquished Creatures
  A scorpion (D:4)
  A hound (D:4)
  A jelly (D:5)
  Jessica (D:2)
  An iguana (D:5)
  2 worker ants (D:5)
  An orc wizard (D:2)
  3 gnolls (D:2)
  10 adders
  A shadow imp (D:5)
  2 adder skeletons (D:4)
  2 worms
  5 dart slugs
  8 giant geckos
  11 orcs
  4 giant cockroaches
  12 hobgoblins
  5 jackals
  3 quokkas
  7 bats
  A giant gecko skeleton (D:4)
  3 giant newts
  5 goblins
  A jackal skeleton (D:4)
  11 kobolds
  5 rats
  A fungus (D:2)
108 creatures vanquished.

Vanquished Creatures (others)
  2 fungi
2 creatures vanquished.

Grand Total: 110 creatures vanquished

Notes
Turn   | Place    | Note
--------------------------------------------------------------
     0 | D:1      | Gorice the Human Fighter began the quest for the Orb.
     0 | D:1      | Reached XP level 1. HP: 18/18 MP: 1/1
    50 | D:1      | Reached XP level 2. HP: 22/24 MP: 2/2
   136 | D:1      | Reached skill level 3 in Long Blades
   378 | D:1      | Reached XP level 3. HP: 28/29 MP: 3/3
   815 | D:2      | Noticed Jessica
   821 | D:2      | Reached XP level 4. HP: 35/35 MP: 4/4
   823 | D:2      | Reached skill level 4 in Long Blades
   844 | D:2      | Killed Jessica
  1231 | D:2      | Found an iron altar of Okawaru.
  1250 | D:2      | Reached XP level 5. HP: 36/41 MP: 5/5
  1713 | D:2      | Reached skill level 5 in Long Blades
  1907 | D:3      | Found a blossoming altar of Fedhas.
  2294 | D:3      | Found a shattered altar of Ashenzari.
  2629 | D:3      | Reached XP level 6. HP: 47/47 MP: 6/6
  3148 | D:3      | Reached skill level 6 in Long Blades
  3854 | D:4      | Found a burning altar of Makhleb.
  3916 | D:4      | Reached XP level 7. HP: 47/52 MP: 7/7
  3966 | D:4      | Got a pair of brightly glowing boots
  3972 | D:4      | Identified the +0 pair of boots "Cucs" {*Corrode MP-9 Str+3 Dex+8} (You found it on level 4 of the Dungeon)
  4017 | D:4      | Found a shadowy altar of Dithmenos.
  4030 | D:4      | Found a basalt altar of Yredelemnul.
  4037 | D:4      | Found a sparkling altar of Nemelex Xobeh.
  4157 | D:4      | Reached skill level 7 in Long Blades
  4220 | D:5      | Entered Level 5 of the Dungeon
  4487 | D:5      | Found a staircase to the Ecumenical Temple.
  4494 | D:5      | HP: 12/52 [centaur/arrow (8)]
  4503 | D:5      | Shot with an arrow by a centaur

Skill      XL: |  1  2  3  4  5  6  7 |
---------------+----------------------+-----
Long Blades    | 3 4 5 6 7 |  7.6
Fighting       | |  3.0
Armour         | |  3.0
Shields        | |  3.0

Action                   |  1- 3 |  4- 6 |  7- 9 || total
-------------------------+-------+-------+-------++-------
Melee: Long sword        |    82 |   290 |    69 ||   441
Throw: Stone             |     3 |    13 |    12 ||    28
  Use: Scroll            |       |     4 |     2 ||     6
       Potion            |       |       |     1 ||     1
  Eat: Chunk             |       |    10 |     2 ||    12
Armor: Scale mail        |    50 |    51 |       ||   101
       Chain mail        |       |    77 |    25 ||   102
Dodge: Dodged            |    20 |    44 |     8 ||    72
Block: Shield            |    44 |   148 |    22 ||   214

Table legend:
 A = Turns spent in this place as a percentage of turns spent in the entire game.
 B = Non-inter-level travel turns spent in this place as a percentage of non-inter-level travel turns spent in the entire game.
 C = Inter-level travel turns spent in this place as a percentage of turns spent in this place.
 D = Turns resting spent in this place as a percentage of non-inter-level travel turns spent in this place.
 E = Turns spent auto-exploring this place as a percentage of non-inter-level travel turns spent in this place.
 F = Non-inter-level travel turns spent in this place divided by the number of levels of this place that you've seen.
                   A       B       C       D       E      F
               +-------+-------+-------+-------+-------+----------------------
         Total | 100.0 | 100.0 |   0.4 |   1.5 |   5.8 | 454.6
       Dungeon | 100.0 | 100.0 |   0.4 |   1.5 |   5.8 | 454.6
               +-------+-------+-------+-------+-------+----------------------

Vault maps used:
D:1:      lemuel_arrival_room, minmay_misc_feat_square
D:2:      okawaru_trees_1, uniq_jessica, uniq_crazy_yiuf_cottage
D:3:      kennysheep_six_static_rooms, ashenzari_altar_1, first_bread,
          fedhas_altar_3
D:4:      bloody_makhleb, kennysheep_mini_moat, amethyst_overflow_temple_binary,
          dk_rats_in_the_wall
D:5:      minmay_temple_entry_statues_fountains,
          lightli_ossuary_entry_decrepit_ruins
